 Dungeon Crawl Stone Soup version 0.28.0-53-g5a82cb258f (webtiles) character file.

Game seed: 15947942864454202819

1533 Peloso the Carver (level 8, -21/70 HPs)
             Began as a Minotaur Fighter on July 17, 2022.
             Demolished by an ogre
             ... wielding a +0 giant spiked club
              (31 damage)
             ... on level 5 of the Dungeon.
             The game lasted 00:08:19 (6564 turns).

Peloso the Carver (Minotaur Fighter)                Turns: 6564, Time: 00:08:20

Health: -21/70     AC:  9    Str: 21    XL:     8   Next: 55%
Magic:  7/7        EV: 10    Int:  5    God:
Gold:   160        SH:  5    Dex: 12    Spells: 7/7 levels left

rFire   . . .      SeeInvis .   a - +0 long sword
rCold   . . .      Faith    .   h - +0 buckler
rNeg    . . .      Spirit   .   c - +0 scale mail
rPois   .          Reflect  .   (helmet restricted)
rElec   .          Harm     .   (no cloak)
rCorr   .          Rampage  .   (no gloves)
Will    .....                   n - +0 pair of boots
Stlth   ..........              (no amulet)
HPRegen 0.21/turn               (no ring)
MPRegen 0.10/turn               (no ring)

@: no status effects
A: horns 2, retaliatory headbutt
a: no special abilities


You were on level 5 of the Dungeon.
You visited 1 branch of the dungeon, and saw 6 of its levels.

You collected 160 gold pieces.

Inventory:

Hand Weapons
 a - a +0 long sword (weapon)
Armour
 c - a +0 scale mail (worn)
 h - a +0 buckler (worn)
 n - a +0 pair of boots (worn)
Magical Staves
 b - a staff of fire
Jewellery
 f - a ring of fire
 k - an amulet of the acrobat
Wands
 t - a wand of flame (18)
Scrolls
 e - 3 scrolls of teleportation
 p - a scroll of silence {unknown}
 s - a scroll of immolation {unknown}
 u - a scroll of holy word {unknown}
 v - a scroll of fear {unknown}
Potions
 d - a potion of might
 j - a potion of heal wounds
 l - a potion of magic
 m - 3 potions of haste
 q - a potion of flight
 r - a potion of curing


   Skills:
 + Level 6.0 Fighting
 + Level 8.6 Long Blades
 + Level 7.8 Armour
 + Level 2.6 Dodging
 + Level 0.8 Stealth
 + Level 5.0 Shields


You had 7 spell levels left.
You didn't know any spells.
Your spell library contained the following spells:

 Spells                   Type           Power      Damage    Failure   Level
 Beastly Appendage        Tmut           0%         N/A       86%         1
 Pain                     Necr           0%         1d4       86%         1
 Sandblast                Erth           0%         2d4       86%         1
 Passwall                 Tmut/Erth      0%         N/A       94%         2
 Wereblood                Tmut           0%         N/A       94%         2
 Portal Projectile        Hex/Tloc       0%         N/A       99%         3
 Spider Form              Tmut/Pois      0%         N/A       99%         3
 Stone Arrow              Conj/Erth      0%         3d7       99%         3
 Agony                    Necr           0%         N/A       100%        5
 Blade Hands              Tmut           0%         N/A       100%        5
 Excruciating Wounds      Necr           0%         N/A       100%        5


Dungeon Overview and Level Annotations

Branches:
Dungeon (6/15)
 Temple: D:4-7

Altars:
Kikubaaqudgha
Ru


Innate Abilities, Weirdness & Mutations

You have a pair of horns on your head.
You reflexively headbutt those who attack you in melee.


Message History

You barely miss the ogre. You headbutt the ogre.
The ogre is lightly wounded.
The orc wizard gestures at you while chanting.
The puff of flame hits you.
The ogre hits you with a +0 giant spiked club!
You barely miss the ogre.
The ogre is lightly wounded.
The orc wizard mumbles some strange words.
The orc wizard flickers and vanishes!
Deactivating autopickup; reactivate with Ctrl-A.
The ogre hits you with a +0 giant spiked club!
You hit the ogre but do no damage.
The ogre is lightly wounded.
Something hits you.
You hit the ogre.
The ogre is moderately wounded.
The ogre barely misses you. You furiously retaliate!
You headbutt the ogre, but do no damage.
Something hits you.
You barely miss the ogre.
The ogre is moderately wounded.
Something hits you but does no damage. The ogre barely misses you.
You hit the ogre. You headbutt the ogre.
The ogre is heavily wounded.
Something completely misses you.
The ogre hits you with a +0 giant spiked club!
* * * LOW HITPOINT WARNING * * *
You barely miss the ogre. You headbutt the ogre.
The ogre is heavily wounded.
Something hits you.
* * * LOW HITPOINT WARNING * * *
The ogre barely misses you.
You hit the ogre. Your headbutt misses the ogre.
The ogre is severely wounded.
Something hits you but does no damage.
You hit the ogre.
The ogre is severely wounded.
Something hits you but does no damage.
The ogre hits you with a +0 giant spiked club!!
You die...

#.#######............>..........
##.#####..#.....................
##..............................
##.####..........................
#.## ##.........................
.## ##........................
.## #.....<..................
..## #........O.......<.......
...## #.......@{...............
##..#####........................
###........??..............#####
##........................## #
##....###..........)###.###.##
#.#..##..#........### #.# ##.##
####.#.###..#..#### ### ##.#
#.### ####### #.# ### ###


You could see an ogre.

Vanquished Creatures
  Grinder (D:4)
  Menkaure (D:4)
  A sky beast (D:5)
  2 ogres
  A phantom (D:4)
  A bullfrog (D:4)
  3 scorpions (D:4)
  A water moccasin skeleton (D:4)
  A howler monkey (D:5)
  A bullfrog skeleton (D:5)
  A centaur skeleton (D:5)
  A hound (D:4)
  An orc priest (D:4)
  A gnoll shaman (D:4)
  2 iguanas
  A scorpion zombie (D:5)
  Natasha (thrice) (D:4)
  An orc wizard (D:3)
  A hound skeleton (D:4)
  7 gnolls
  5 adders
  A white imp (D:5)
  An ufetubus (D:5)
  An adder skeleton (D:4)
  A worm (D:4)
  A dart slug (D:3)
  15 orcs
  9 ball pythons
  6 bats
  3 endoplasms
  4 giant cockroaches
  10 goblins
  2 hobgoblins
  4 jackals
  4 quokkas
  3 frilled lizards
  8 kobolds
  6 rats
116 creatures vanquished.

Notes
Turn   | Place    | Note
-------+----------+-------------------------------------------
     0 | D:1      | Peloso the Minotaur Fighter began the quest for the Orb.
     0 | D:1      | Reached XP level 1. HP: 19/19 MP: 0/0
   137 | D:1      | Reached XP level 2. HP: 27/27 MP: 1/1
   566 | D:1      | Reached XP level 3. HP: 32/33 MP: 2/2
  1214 | D:2      | Reached skill level 3 in Long Blades
  1339 | D:2      | Found a sacrificial altar of Ru.
  1520 | D:2      | Found a faded altar of an unknown god.
  1719 | D:3      | Reached XP level 4. HP: 40/40 MP: 3/3
  2334 | D:3      | Reached skill level 4 in Long Blades
  2339 | D:3      | Reached XP level 5. HP: 23/47 MP: 4/4
  2585 | D:3      | Found an ancient bone altar of Kikubaaqudgha.
  2834 | D:4      | Noticed a phantom
  2846 | D:4      | Killed a phantom
  2847 | D:4      | Reached skill level 5 in Armour
  2847 | D:4      | Reached skill level 1 in Dodging
  2883 | D:4      | Noticed Grinder
  2901 | D:4      | Killed Grinder
  2902 | D:4      | Reached skill level 5 in Long Blades
  2902 | D:4      | Reached XP level 6. HP: 18/55 MP: 5/5
  2906 | D:4      | HP: 1/55 [scorpion (4)]
  2917 | D:4      | Reached XP level 7. HP: 17/60 MP: 6/6
  3184 | D:4      | Reached skill level 6 in Long Blades
  3615 | D:4      | Reached skill level 5 in Fighting
  3836 | D:4      | Noticed Natasha
  3843 | D:4      | Killed Natasha
  3855 | D:4      | Noticed Natasha
  3858 | D:4      | Killed Natasha
  3921 | D:4      | Noticed Natasha
  3930 | D:4      | Killed Natasha
  3994 | D:4      | Reached skill level 7 in Long Blades
  4070 | D:4      | Noticed Menkaure
  4088 | D:4      | Killed Menkaure
  4089 | D:4      | Reached XP level 8. HP: 22/68 MP: 7/7
  4949 | D:5      | Entered Level 5 of the Dungeon
  5189 | D:5      | Reached skill level 8 in Long Blades
  5764 | D:5      | Reached skill level 5 in Shields
  6564 | D:5      | Demolished by an ogre

Illustrated notes

Levels and vault maps discovered:
D:1:      dpeg_arrival_subterranean_lakeside_camping, layout_basic
D:2:      layout_loops_ring, basic_altar,
          shapermc_ecumenical_altar_mp_highgroup, nrook_campfire,
          chequers_serial_rivers_micro_e, kennysheep_generic_room_11
D:3:      layout_loops_cross, kiku_gazebo_pond_becter
D:4:      minmay_wonky_spiral, layout_basic, uniq_grinder, uniq_menkaure,
          uniq_natasha
D:5:      layout_layer_cave, minmay_crystal_room,
          hangedman_abyss_or_decor_stabs, minmay_misc_feat_five
D:6:      layout_basic, minmay_temple_entry_junction_2, serial_shops,
          nicolae_square_shop

Skill      XL: |  1  2  3  4  5  6  7  8 |
---------------+-------------------------+-----
Armour         | 4 5 6 7 |  7.8
Fighting       | 4 5 6 |  6.0
Shields        | 4 5 |  5.0
Long Blades    | 3 4 5 7 8 |  8.6
Dodging        | 1 2 |  2.6
Stealth        | |  0.8

Action                   |  1- 3 |  4- 6 |  7- 9 || total
-------------------------+-------+-------+-------++-------
Melee: Long sword        |    92 |    83 |   178 ||   353
       Headbutt          |     8 |    10 |    30 ||    48
Evoke: Wand              |       |       |     3 ||     3
  Use: Scroll            |       |     1 |     6 ||     7
       Potion            |       |     1 |       ||     1
Armor: Scale mail        |    51 |    35 |    61 ||   147
Dodge: Dodged            |    45 |    30 |    64 ||   139
Block: Buckler           |    24 |    14 |    24 ||    62
